 Dungeon Crawl Stone Soup version 0.24.0-13-gcf9b3192b9 (webtiles) character file.

Game seed: 9128666353183220115, levelgen mode: deterministic

30580 Flugslaktarn the Cleaver (level 13, -4/120 HPs)
             Began as a Deep Dwarf Fighter on Nov 10, 2019.
             Was a High Priest of Makhleb.
             Slain by a death yak (15 damage)
             ... on level 6 of the Lair of Beasts.
             The game lasted 00:07:54 (9237 turns).

Flugslaktarn the Cleaver (Deep Dwarf Fighter)       Turns: 9237, Time: 00:07:55

Health: -4/120     AC: 23    Str: 25    XL:     13   Next: 21%
Magic:  10/10      EV:  6    Int:  9    God:    Makhleb [*****.]
Gold:   600        SH: 12    Dex: 12    Spells: 12/12 levels left

rFire    + . .     SeeInvis .   x - +1 broad axe
rCold    . . .     Gourm    +   c - +0 shield
rNeg     . . .     Faith    .   h - +1 plate armour
rPois    .         Spirit   .   g - +0 helmet
rElec    .         Reflect  .   j - +1 cloak
rCorr    .         Harm     .   (no gloves)
MR       +....                  F - +0 pair of boots
Stlth    ..........             y - amulet of the gourmand
HPRegen  0.00/turn              p - +2 ring of protection
MPRegen  0.12/turn              f - ring of protection from fire

@: lethally poisoned (-4 -> -4), about to teleport, non-regenerating
A: damage resistance, heal wounds, sense surroundings 2, no regeneration
a: Heal Wounds, Minor Destruction, Lesser Servant of Makhleb, Major Destruction,
Greater Servant of Makhleb, Renounce Religion


You were on level 6 of the Lair of Beasts.
You worshipped Makhleb.
Makhleb was extremely pleased with you.
You were very full.

You visited 2 branches of the dungeon, and saw 15 of its levels.
You also visited: Ice Cave.

You collected 716 gold pieces.
You spent 116 gold pieces at shops.

Inventory:

Hand Weapons
 x - a +1 broad axe (weapon)
   (You bought it in a shop on level 6 of the Dungeon)
Armour
 c - a +0 shield (worn)
 g - a +0 helmet (worn)
   (You found it on level 5 of the Dungeon)
 h - a +1 plate armour (worn)
   (You found it on level 2 of the Dungeon)
 j - a +1 cloak (worn)
   (You found it on level 7 of the Dungeon)
 F - a +0 pair of boots (worn)
   (You found it on level 3 of the Lair of Beasts)
Jewellery
 f - a ring of protection from fire (right hand)
   (You found it on level 5 of the Dungeon)
 o - a +5 ring of intelligence
   (You found it on level 8 of the Dungeon)
 p - a +2 ring of protection (left hand)
   (You found it on level 8 of the Dungeon)
 y - an amulet of the gourmand (around neck)
   (You found it on level 2 of the Lair of Beasts)
 C - an uncursed ring of fire
   (You found it on level 2 of the Lair of Beasts)
Wands
 s - a wand of clouds (1)
   (You found it on level 1 of the Lair of Beasts)
 v - a wand of digging (5)
   (You found it on level 2 of the Lair of Beasts)
Scrolls
 a - a scroll of enchant armour
 n - a scroll of magic mapping
 r - 2 scrolls of identify
 t - 2 scrolls of teleportation
 w - a scroll of remove curse
 D - a scroll of random uselessness {unknown}
 E - a scroll of immolation {unknown}
Potions
 b - 3 potions of lignification
 d - 3 potions of might
 i - 3 potions of ambrosia
 k - a potion of agility {unknown}
 l - a potion of haste {unknown}
 m - 2 potions of brilliance
 q - a potion of curing
 u - a potion of cancellation {unknown}
 A - 4 potions of heal wounds
 B - a potion of resistance {unknown}
Comestibles
 e - 17 rations


   Skills:
 + Level 8.9 Fighting
 * Level 13.7 Axes
 + Level 10.4 Armour
 + Level 10.6 Shields
 + Level 11.1 Invocations
 + Level 7.5 Evocations


You had 12 spell levels left.
You didn't know any spells.
Your spell library was empty.

Dungeon Overview and Level Annotations

Branches:
Dungeon (9/15)             Temple (0/1) D:7            Lair (6/6) D:9
 Shoals (0/4) Lair:2        Snake (0/4) Lair:4        Slime (0/5) Lair:5
  IceCv (visited)
    Orc: D:9-12

Altars:
Cheibriados
Elyvilon
Fedhas
Kikubaaqudgha
Makhleb
Okawaru
Ru
Trog
Uskayaw
Xom
Zin

Shops:
D:6 (   D:8 %

Annotations:
D:7 1 runed translucent door, Crazy Yiuf


Innate Abilities, Weirdness & Mutations

You are resistant to damage.
You can heal yourself by infusing magical energy.
You passively map the area around you.
You do not regenerate.


Message History

The death yak gores you!
* * * LOW HITPOINT WARNING * * *
The death yak gores you!
* * * LOW HITPOINT WARNING * * *
You block the elephant's attack. x2
Unknown command.
As you read the scroll of teleportation, it crumbles to dust.
You feel strangely unstable.
The black mamba bites you but does no damage.
You block the elephant's attack.
The elephant trunk-slaps you but does no damage.
The elephant closely misses you.
The elephant trunk-slaps you but does no damage.
The death yak gores you.
* * * LOW HITPOINT WARNING * * *
The elephant tramples you but does no damage.
The elephant trunk-slaps you.
* * * LOW HITPOINT WARNING * * *
The death yak gores you!
You die...

##.... , *F...##, ,., , ,
#....# , , , #....#* .#.
, #....#, , #....###..#*
,, , .P.P.## ##...PP...P.
,, ......######
#PP.........
.......#...###...Y.......
** *
.........#..##.SYSYY.# ,,
* ........).....ySYYY#* ,
...............Y@YY# * ,
.....††........#YY.## *
,,,, *
.?.....†.....##.#...###
,, ,
......†..††...###..#..#*,
, .........†.†...#.#..###
,
..............###.†.#####
* ,,
...............###...P#.#
...............# ###..#.#
## #...........#.##
#...## ####.


You could see 6 death yaks, 4 elephants, a guardian serpent, a black mamba, 2
yaks, a hornet and a water moccasin.

Vanquished Creatures
  2 hydras
  6 elephants (Lair:6)
  3 black mambas
  6 komodo dragons
  6 spiny frogs
  3 rime drakes
  2 ice devils (Lair:4)
  9 polar bears (IceCv)
  4 hippogriffs
  23 blink frogs
  4 basilisks
  6 wyverns
  28 yaks
  6 porcupines
  8 water moccasins
  2 orc warriors
  An ice beast (D:6)
  4 sky beasts
  A black bear (D:7)
  A necrophage (D:7)
  4 ogres
  23 wolves
  8 centaurs
  11 crocodiles
  14 bullfrogs
  A wyvern zombie (D:6)
  2 scorpions
  3 wights (D:8)
  A howler monkey (D:4)
  A bullfrog zombie (D:5)
  2 jellies (Lair:5)
  3 hounds
  2 quasits
  6 orc priests
  A centaur skeleton (D:7)
  4 orc wizards
  3 bullfrog skeletons
  3 hell rats (Lair:5)
  2 iguanas
  Natasha (D:4)
  8 worker ants
  A killer bee zombie (D:6)
  2 hound skeletons
  4 gnolls (D:7)
  8 adders
  3 shadow imps
  2 oozes
  An adder skeleton (D:4)
  2 adder zombies
  A worm (D:2)
  4 leopard geckos
  26 orcs
  A bat (D:1)
  A giant cockroach (D:8)
  5 hobgoblins
  6 jackals (D:8)
  A kobold (D:1)
  A quokka (D:8)
  A ball python zombie (D:5)
  3 frilled lizards
  A leopard gecko skeleton (D:5)
  A leopard gecko zombie (D:5)
  A quokka zombie (D:7)
  6 rats
  3 plants (Lair:6)
313 creatures vanquished.

Vanquished Creatures (collateral kills)
  A hydra (Lair:5)
  A blink frog (Lair:5)
  A hippogriff (Lair:5)
  A wyvern (Lair:5)
  A hell rat (Lair:5)
5 creatures vanquished.

Vanquished Creatures (others)
  2 blink frogs (Lair:5)
  2 centaurs (D:9)
  A bush (Lair:6)
  8 fungi (Lair:6)
  12 plants
25 creatures vanquished.

Grand Total: 343 creatures vanquished

Notes
Turn   | Place    | Note
-------+----------+-------------------------------------------
     0 | D:1      | Flugslaktarn the Deep Dwarf Fighter began the quest for the
                  | Orb.
     0 | D:1      | Reached XP level 1. HP: 20/20 MP: 1/1
   103 | D:1      | Reached XP level 2. HP: 22/27 MP: 2/2
   219 | D:2      | Found a snail-covered altar of Cheibriados.
   245 | D:3      | Reached skill level 3 in Axes
   261 | D:3      | Reached XP level 3. HP: 29/33 MP: 3/3
   457 | D:4      | Reached XP level 4. HP: 40/42 MP: 4/4
   533 | D:4      | Reached skill level 4 in Axes
   533 | D:4      | Reached XP level 5. HP: 49/49 MP: 4/4
   763 | D:4      | Found a burning altar of Makhleb.
   873 | D:4      | Became a worshipper of Makhleb the Destroyer
   920 | D:4      | Reached XP level 6. HP: 50/57 MP: 5/5
  1075 | D:4      | Noticed Natasha
  1076 | D:4      | Found a glowing silver altar of Zin.
  1092 | D:4      | Killed Natasha
  1094 | D:4      | Noticed an angel
  1097 | D:4      | Found a shimmering altar of Xom.
  1137 | D:4      | Reached skill level 5 in Axes
  1186 | D:4      | Reached skill level 1 in Invocations
  1393 | D:5      | Entered Level 5 of the Dungeon
  1559 | D:5      | Reached XP level 7. HP: 46/64 MP: 7/7
  1631 | D:5      | Reached skill level 5 in Shields
  1777 | D:5      | Found a hide-covered altar of Uskayaw.
  1831 | D:6      | Reached skill level 5 in Armour
  1843 | D:6      | Reached skill level 6 in Axes
  2142 | D:6      | Reached * piety under Makhleb
  2142 | D:6      | Reached XP level 8. HP: 59/73 MP: 9/9
  2296 | D:6      | Reached skill level 7 in Axes
  2503 | D:6      | Reached skill level 5 in Fighting
  2551 | D:6      | Found Irchemau's Antique Weapon Boutique.
  2554 | D:6      | Bought a broad axe for 116 gold pieces
  2808 | D:7      | Found a bloodstained altar of Trog.
  2959 | D:7      | Found a staircase to the Ecumenical Temple.
  3338 | D:7      | Reached skill level 5 in Invocations
  3454 | D:7      | Found a sacrificial altar of Ru.
  3480 | D:7      | Found a runed translucent door.
  3481 | D:7      | Noticed Crazy Yiuf
  3639 | D:7      | Gained mutation: You passively map the area around you.
                  | [Deep Dwarf growth]
  3639 | D:7      | Reached XP level 9. HP: 50/81 MP: 9/9
  3657 | D:7      | Reached skill level 8 in Axes
  4072 | D:8      | Found a white marble altar of Elyvilon.
  4191 | D:8      | Reached ** piety under Makhleb
  4217 | D:8      | Found Qielum's Food Boutique.
  4303 | D:8      | Found a white marble altar of Elyvilon.
  4338 | D:8      | Reached skill level 9 in Axes
  4615 | D:8      | Found an ancient bone altar of Kikubaaqudgha.
  4615 | D:8      | Found an iron altar of Okawaru.
  4800 | D:9      | Reached XP level 10. HP: 91/91 MP: 12/12
  4809 | D:9      | Reached *** piety under Makhleb
  4834 | D:9      | Found a staircase to the Lair.
  4860 | Lair:1   | Entered Level 1 of the Lair of Beasts
  4880 | Lair:1   | Reached skill level 10 in Axes
  5024 | Lair:1   | Noticed a black mamba
  5046 | Lair:1   | Killed a black mamba
  5507 | Lair:2   | Reached skill level 11 in Axes
  5606 | Lair:2   | Reached XP level 11. HP: 96/100 MP: 13/13
  5666 | Lair:2   | Found a staircase to the Shoals.
  5748 | Lair:2   | Reached skill level 1 in Evocations
  6108 | Lair:3   | Reached **** piety under Makhleb
  7163 | Lair:4   | Reached skill level 12 in Axes
  7197 | Lair:4   | Found a blossoming altar of Fedhas.
  7241 | Lair:4   | Found a staircase to the Snake Pit.
  7601 | Lair:4   | Found a frozen archway.
  7625 | IceCv    | Entered an ice cave
  7649 | IceCv    | Reached XP level 12. HP: 74/110 MP: 13/13
  7717 | IceCv    | Reached skill level 5 in Evocations
  7803 | IceCv    | Reached ***** piety under Makhleb
  7906 | IceCv    | Reached skill level 10 in Invocations
  8210 | Lair:4   | Reached skill level 10 in Shields
  8297 | Lair:5   | Noticed a five-headed hydra
  8322 | Lair:5   | Killed an 11-headed hydra
  8412 | Lair:5   | Reached skill level 13 in Axes
  8493 | Lair:5   | Noticed a five-headed hydra
  8539 | Lair:5   | Killed a 12-headed hydra
  8539 | Lair:5   | Reached skill level 10 in Armour
  8673 | Lair:5   | Found a staircase to the Slime Pits.
  9004 | Lair:6   | Entered Level 6 of the Lair of Beasts
  9165 | Lair:6   | Noticed a seven-headed hydra
  9172 | Lair:6   | Reached XP level 13. HP: 73/118 MP: 12/12
  9237 | Lair:6   | Slain by a death yak

Levels and vault maps discovered:
D:1:      lightli_molten_gateway, layout_basic, kennysheep_another_room
D:2:      layout_rooms, overflow_temple_1_default,
          lemuel_coloured_pillars_altar, first_ration
D:3:      layout_loops_ring, marbit_many_paths, gammafunk_ghost_icy
D:4:      layout_layer_cave, grunt_temple_overflow_order_and_chaos_1,
          kennysheep_mini_moat, uniq_natasha
D:5:      layout_rooms, lemuel_round_altar
D:6:      layout_loops_corners, serial_shops, shop
D:7:      minmay_clustersquares, layout_basic, lemuel_doored_altar,
          minmay_temple_entry_water_ring, basic_altar, uniq_crazy_yiuf_cottage
D:8:      layout_cave_pools, elyvilon_altar_5,
          gammafunk_temple_overflow_elements, serial_shops, shop, basic_altar
D:9:      layout_roguey, kennysheep_little_box, dpeg_oklobed_lair,
          grunt_ogre_cave, centaur_isle, uniq_psyche
Lair:1:   layout_misc_corridors, serial_bayou_shore_a
Lair:2:   layout_roguey, elwin_shoals_entry_rocks
Lair:3:   layout_regular_city
Lair:4:   layout_roguey, dummy_snake_entry, basic_altar,
          portal_ice_cave_demonic_guard, chequers_serial_rivers_small_a,
          grunt_megastairs_4
Lair:5:   layout_misc_corridors, nicolae_slime_entry_slimehenge
Lair:6:   wormcave, layout_cave_pods, hangedman_lair_tendril_chambers,
          basic_altar

Skill      XL: |  1  2  3  4  5  6  7  8  9 10 11 12 13 |
---------------+----------------------------------------+-----
Axes           | 3 4 5 6 7 9 11 12 13 | 13.7
Fighting       | 3 4 5 6 7 8 |  8.9
Armour         | 4 5 6 7 8 9 10 | 10.4
Shields        | 4 5 6 7 8 9 10 | 10.6
Invocations    | 2 3 5 6 8 9 10 11 | 11.1
Evocations     | 4 7 |  7.5

Action                   |  1- 3 |  4- 6 |  7- 9 | 10-12 | 13-15 || total
-------------------------+-------+-------+-------+-------+-------++-------
Melee: War axe           |    92 |   100 |   174 |       |       ||   366
       Broad axe         |       |       |   329 |   856 |    44 ||  1229
Invok: Lesser Servant of |       |       |       |     5 |       ||     5
       Major Destruction |       |       |       |       |     1 ||     1
 Abil: Heal Wounds       |     2 |     3 |    12 |    23 |     5 ||    45
Evoke: Wand              |       |       |       |     2 |     2 ||     4
  Use: Scroll            |       |       |    16 |     2 |     2 ||    20
       Potion            |       |       |     1 |     1 |       ||     2
  Eat: Chunk             |       |     2 |    12 |    34 |       ||    48
Armor: Scale mail        |    24 |       |       |       |       ||    24
       Plate armour      |    32 |    67 |   465 |   719 |   159 ||  1442
Dodge: Dodged            |    27 |    14 |   115 |   259 |    57 ||   472
Block: Shield            |    59 |    66 |   333 |   669 |    98 ||  1225
